 Dungeon Crawl Stone Soup version 0.25.1-8-g42b30a86e7 (webtiles) character file.

Game seed: 10710694897876158199

9454 ika404 the Covert (level 11, -2/83 HPs)
             Began as a Vampire Assassin on Dec 12, 2020.
             Was a High Priest of Lugonu.
             Slain by a manticore (15 damage)
             ... on level 11 of the Dungeon.
             The game lasted 01:00:52 (12836 turns).

ika404 the Covert (Vampire Assassin)               Turns: 12836, Time: 01:00:53

Health: -2/83      AC:  6    Str: 10    XL:     11   Next: 23%
Magic:  11/11      EV: 19    Int: 15    God:    Lugonu [*****.]
Gold:   461        SH:  0    Dex: 18    Spells: 8/10 levels left

rFire    . . .     SeeInvis +   J - +3 dagger (chaos)
rCold    . . .     Gourm    .   (no shield)
rNeg     . . .     Faith    .   P - +0 robe {MR+}
rPois    .         Spirit   .   o - +0 helmet (curse)
rElec    .         Reflect  .   x - +1 cloak
rCorr    .         Harm     .   c - +0 pair of gloves (curse)
MR       ++...                  (no boots)
Stlth    ++++++....             (no amulet)
HPRegen  0.43/turn              a - ring of see invisible
MPRegen  0.12/turn              (no ring)

@: regenerating quickly, studying Throwing
A: no food, fangs 3, see invisible, unbreathing
a: Exsanguinate, Depart the Abyss, Bend Space, Banish, Corrupt, Enter the Abyss,
Renounce Religion


You were on level 11 of the Dungeon.
You worshipped Lugonu.
Lugonu was extremely pleased with you.
You were alive.

You visited 2 branches of the dungeon, and saw 12 of its levels.

You collected 461 gold pieces.

Inventory:

Hand Weapons
 b - a +4 falchion
 n - a +2 dagger of venom
 J - a +3 dagger of chaos (weapon)
Missiles
 d - 48 poisoned darts (quivered)
 e - 2 curare-tipped darts
 w - 2 silver javelins
 Q - 3 datura-tipped darts
Armour
 c - a cursed +0 pair of gloves (worn)
 o - a cursed +0 helmet (worn)
 v - a +0 leather armour
 x - a +1 cloak (worn)
 D - a +0 helmet
 P - a +0 robe of magic resistance (worn)
Jewellery
 a - a ring of see invisible (left hand)
Wands
 r - a wand of paralysis (2)
 s - a wand of enslavement (10)
 C - a wand of iceblast (6)
 N - a wand of digging (10)
Scrolls
 k - 3 scrolls of blinking {unknown}
 l - a scroll of amnesia {unknown}
 u - 6 scrolls of remove curse {unknown}
 y - 3 scrolls of immolation {unknown}
 E - a scroll of enchant weapon {unknown}
 F - 4 scrolls of noise {unknown}
 G - 3 scrolls of teleportation {unknown}
 K - 4 scrolls of fog {unknown}
 L - a scroll of magic mapping
 O - a scroll of enchant armour {unknown}
 R - a scroll of identify
Potions
 f - 5 potions of brilliance
 g - a potion of berserk rage
 h - a potion of magic
 i - 2 potions of might
 j - 2 potions of cancellation
 p - 4 potions of heal wounds
 q - 3 potions of invisibility
 t - a potion of flight
 z - a potion of ambrosia {unknown}
 A - 2 potions of haste
 B - a potion of resistance
 H - a potion of stabbing {unknown}
 I - a potion of curing {unknown}
 M - 2 potions of mutation
Books
 m - a manual of Throwing


   Skills:
 + Level 6.7 Fighting
 + Level 10.0 Short Blades
 + Level 4.2 Throwing
 + Level 9.2 Dodging
 + Level 13.9 Stealth
 * Level 3.9 Charms
 + Level 3.0 Air Magic
 + Level 0.2 Invocations
 + Level 0.2 Evocations


You had 8 spell levels left.
You knew the following spells:

 Your Spells              Type           Power        Failure   Level  Hunger
a - Swiftness             Chrm/Air       ##......     10%         2    N/A

Your spell library contained the following spells:

 Spells                   Type           Power        Failure   Level  Hunger
 Shock                    Conj/Air       #...         14%         1    N/A
 Static Discharge         Conj/Air       #.......     41%         3    N/A
 Airstrike                Air            #.........   61%         4    N/A
 Confusing Touch          Hex            #.......     63%         3    N/A
 Gell's Gravitas          Tloc           #.........   63%         3    N/A
 Portal Projectile        Hex/Tloc       #.....       63%         3    N/A
 Petrify                  Tmut/Erth      #.......     95%         4    N/A
 Lightning Bolt           Conj/Air       #.........   99%         5    N/A
 Irradiate                Conj/Tmut      #.........   100%        5    N/A
 Metabolic Englaciation   Hex/Ice        #.........   100%        5    N/A
 Yara's Violent Unravell  Hex/Tmut       #.........   100%        5    N/A
 Dispersal                Tloc           #.........   100%        6    N/A
 Hydra Form               Tmut           #.........   100%        6    N/A
 Statue Form              Tmut/Erth      #........    100%        6    N/A
 Dragon Form              Tmut           #.........   100%        7    N/A
 Controlled Blink         Tloc           N/A          100%        8    N/A
 Disjunction              Tloc           #.........   100%        8    N/A

Dungeon Overview and Level Annotations

Branches:
Dungeon (11/15)            Temple (1/1) D:4            Lair (0/6) D:10
    Orc (0/2) D:10

Altars:
Ashenzari
Cheibriados
Dithmenos
Elyvilon
Fedhas
Gozag
Hepliaklqana
Kikubaaqudgha
Makhleb
Nemelex Xobeh
Okawaru
Qazlal
Ru
Sif Muna
Trog
Uskayaw
Vehumet
Wu Jian
Xom
Yredelemnul
Zin
The Shining One
Lugonu

Shops:
D:8 }

Annotations:
D:5 3 runed translucent doors, Arcadio's ghost, novice GrFE; ElPutoDani's ghost, novice CeWr; Frank's ghost, novice OpFi


Innate Abilities, Weirdness & Mutations

You do not eat.
Your natural rate of healing is unusually fast.
You have razor-sharp teeth.
You have supernaturally acute eyesight. (SInv)
You can survive without breathing.


Message History

* * * LOW HITPOINT WARNING * * *
The manticore closely misses you. The manticore misses you.
The worker ant zombie bites you.
* * * LOW HITPOINT WARNING * * *
You feel much better.
You carefully extract the barbed spikes from your body.
The manticore closely misses you. x3
The worker ant zombie barely misses you.
Aiming: Enslavement
Press: ? - help, Shift-Dir - straight line, f - manticore
Aim: a manticore (lightly wounded, strong, very poisoned, chance to defeat MR: 28%)
The manticore easily resists.
The manticore bites you! The manticore claws you! The manticore claws you!!
* * * LOW HITPOINT WARNING * * *
The worker ant zombie closely misses you.
Aiming: Paralyse
Press: ? - help, Shift-Dir - straight line, f/p - manticore
Aim: a manticore (lightly wounded, strong, very poisoned, chance to defeat MR: 28%)
The manticore easily resists.
The manticore bites you!
You die...

#.........#
#.........#
#.........### ######+
#.........†.###......
#.........#..##(.....
+.........##.##......
#.........##..'......
#...H.....#####......
#..Z@.....# #.<....
#####+..### #......
##.# ##+#### +.# +.#
.#


You could see a manticore (strong, very poisoned) and a worker ant zombie.

Vanquished Creatures
  A two-headed ogre (D:9)
  2 unseen horrors (D:10)
  Psyche (D:8)
  4 hippogriffs
  4 yaks
  A hungry ghost (D:10)
  A warg (D:9)
  Edmund (D:4)
  A water moccasin (D:5)
  4 orc warriors
  3 sky beasts
  2 phantoms
  2 ice beasts
  A necrophage (D:8)
  4 ogres
  6 centaurs
  6 bullfrogs
  3 water moccasin zombies
  4 wights
  14 killer bees (D:8)
  4 howler monkeys
  2 bullfrog zombies
  5 crimson imps
  A centaur zombie (D:6)
  6 hounds
  A gnoll shaman (D:7)
  3 bullfrog skeletons
  11 orc priests
  Crazy Yiuf (D:4)
  2 centaur skeletons
  A jelly (D:8)
  17 orc wizards
  2 iguanas
  Jessica (D:2)
  11 worker ants
  3 killer bee zombies
  A hound zombie (D:7)
  A howler monkey zombie (D:6)
  3 worker ant zombies
  3 gnolls (D:7)
  15 adders
  A howler monkey skeleton (D:5)
  A shadow imp (D:7)
  2 adder skeletons
  3 worms
  4 dart slugs
  3 leopard geckos
  63 orcs
  5 giant cockroaches
  12 goblins
  10 hobgoblins
  26 jackals
  5 quokkas
  4 ball pythons
  6 bats
  5 frilled lizards
  A giant cockroach zombie (D:6)
  A jackal skeleton (D:6)
  A jackal zombie (D:6)
  10 kobolds
  A leopard gecko skeleton (D:4)
  A leopard gecko zombie (D:8)
  2 quokka zombies
  12 rats
  A spectral orc (D:3)
339 creatures vanquished.

Vanquished Creatures (others)
  An orc (D:6)
  A jackal (D:6)
2 creatures vanquished.

Grand Total: 341 creatures vanquished

Notes
Turn   | Place    | Note
-------+----------+-------------------------------------------
     0 | D:1      | ika404 the Vampire Assassin began the quest for the Orb.
     0 | D:1      | Reached XP level 1. HP: 16/16 MP: 1/1
    48 | D:1      | Reached skill level 6 in Stealth
   136 | D:1      | Reached XP level 2. HP: 6/22 MP: 2/2
   531 | D:1      | Reached XP level 3. HP: 27/27 MP: 3/3
   991 | D:2      | Noticed Jessica
  1035 | D:2      | Found an iron altar of Okawaru.
  1042 | D:2      | Found an opulent altar of Gozag.
  1047 | D:2      | Found a shimmering blue altar of Sif Muna.
  1118 | D:2      | Found a snail-covered altar of Cheibriados.
  1129 | D:2      | Reached XP level 4. HP: 22/33 MP: 4/4
  1203 | D:2      | Reached skill level 7 in Stealth
  1862 | D:2      | Killed Jessica
  1961 | D:3      | Found a shattered altar of Ashenzari.
  2009 | D:3      | Found a basalt altar of Yredelemnul.
  2179 | D:3      | Reached XP level 5. HP: 36/39 MP: 5/5
  2950 | D:3      | Reached XP level 6. HP: 46/46 MP: 6/6
  3306 | D:4      | Reached skill level 5 in Short Blades
  3306 | D:4      | Reached skill level 8 in Stealth
  3348 | D:4      | Reached XP level 7. HP: 52/52 MP: 7/7
  3531 | D:4      | Found a runed translucent door.
  3532 | D:4      | Noticed Crazy Yiuf
  3617 | D:4      | Found a staircase to the Ecumenical Temple.
  3631 | Temple   | Entered the Ecumenical Temple
  3680 | Temple   | Became a worshipper of Lugonu the Unformed
  3680 | Temple   | Reached * piety under Lugonu
  3975 | D:4      | Killed Crazy Yiuf
  3975 | D:4      | Reached skill level 9 in Stealth
  4108 | D:5      | Entered Level 5 of the Dungeon
  4567 | D:5      | Noticed Edmund
  4600 | D:4      | Killed Edmund
  4600 | D:4      | Reached skill level 10 in Stealth
  4600 | D:4      | Reached XP level 8. HP: 28/58 MP: 8/8
  4809 | D:5      | Found an ancient bone altar of Kikubaaqudgha.
  4867 | D:5      | Found a runed translucent gate.
  4867 | D:5      | Found a runed translucent gate.
  4868 | D:5      | Found a runed translucent gate.
  4906 | D:5      | Noticed ElPutoDani's ghost (novice CeWr)
  4907 | D:5      | Noticed Frank's ghost (novice OpFi)
  4907 | D:5      | Noticed Arcadio's ghost (novice GrFE)
  5120 | D:5      | Found a shadowy altar of Dithmenos.
  5199 | D:5      | Reached ** piety under Lugonu
  5286 | D:6      | Reached skill level 5 in Dodging
  5760 | D:6      | Reached skill level 11 in Stealth
  6442 | D:6      | Reached XP level 9. HP: 65/66 MP: 9/9
  6459 | D:6      | Found a shimmering altar of Xom.
  6588 | D:6      | Found a sacrificial altar of Ru.
  6773 | D:6      | Reached *** piety under Lugonu
  6940 | D:6      | Found an opulent altar of Gozag.
  7232 | D:6      | Found an ornate altar of the Wu Jian Council.
  7467 | D:7      | Reached skill level 12 in Stealth
  7939 | D:7      | Reached skill level 5 in Fighting
  7951 | D:7      | Learned a level 2 spell: Swiftness
  8089 | D:7      | Reached skill level 1 in Charms
  8562 | D:8      | Found Pitul's Gadget Boutique.
  8628 | D:8      | Reached **** piety under Lugonu
  8945 | D:8      | Reached XP level 10. HP: 58/75 MP: 10/10
  9029 | D:8      | Found a sparkling altar of Nemelex Xobeh.
  9064 | D:8      | Reached skill level 13 in Stealth
  9251 | D:8      | Found a white marble altar of Elyvilon.
  9368 | D:8      | Found a glowing golden altar of the Shining One.
  9369 | D:8      | Noticed Psyche
  9395 | D:8      | Killed Psyche
  9395 | D:8      | Reached skill level 1 in Air Magic
 10391 | D:9      | Found a blossoming altar of Fedhas.
 10660 | D:10     | Entered Level 10 of the Dungeon
 10687 | D:10     | Noticed an unseen horror
 10690 | D:10     | Killed an unseen horror
 10705 | D:10     | Found a staircase to the Orcish Mines.
 10721 | D:10     | Noticed an unseen horror
 10897 | D:9      | Reached ***** piety under Lugonu
 11139 | D:10     | Noticed a two-headed ogre
 11201 | D:9      | Killed a two-headed ogre
 11702 | D:10     | Reached XP level 11. HP: 83/83 MP: 11/11
 11813 | D:10     | Found a staircase to the Lair.
 12352 | D:10     | Killed an unseen horror
 12462 | D:10     | Reached skill level 10 in Short Blades
 12836 | D:11     | Slain by a manticore

Illustrated notes

Levels and vault maps discovered:
D:1:      sevenhm_arrival_forest_fort_large_1, layout_rooms
D:2:      layout_basic, grunt_temple_overflow_diamond, kennysheep_slug_shrine,
          uniq_jessica
D:3:      minmay_diamond_boxcup, layout_loops_ring, lemuel_doored_altar,
          yredelemnul_forgotten_temple_becter, first_ration
D:4:      layout_loops_ring, minmay_temple_entry_trees, minmay_manual_mares,
          uniq_crazy_yiuf_cottage
D:5:      layout_basic, nicolae_dithmenos_shadow_blocks,
          nicolae_overflow_crystal_walls, gammafunk_ghost_cemetery, uniq_edmund
D:6:      layout_layer_cave, kennysheep_mini_moat,
          nicolae_overflow_hidden_temple, kennysheep_mini, serial_undead,
          serial_undead_e, serial_undead_a, serial_undead_f, serial_undead_a,
          nicolae_gozag_cash_rules_everything_around_me
D:7:      layout_rooms
D:8:      layout_loops_cross, overflow_temple_1_default, elyvilon_altar_1,
          serial_shops, nicolae_shop_waterfront, basic_altar, uniq_psyche
D:9:      layout_roguey, old_standard_altar
D:10:     layout_irregular_city, dpeg_oklobed_lair, david_orc_3,
          nrook_mini_vaults
D:11:     layout_roguey, hangedman_ranch [blue_anna_fruit_fields],
          kennysheep_cross_bottleneck, uniq_grum
Temple:   corrupted_temple

Skill      XL: |  1  2  3  4  5  6  7  8  9 10 11 |
---------------+----------------------------------+-----
Stealth        | 6 7 8 10 11 12 13 | 13.9
Fighting       | 2 3 4 5 6 |  6.7
Short Blades   | 3 4 5 6 7 8 9 10 | 10.0
Dodging        | 2 3 4 6 7 9 |  9.2
Charms         | 2 3 |  3.9
Air Magic      | 3 |  3.0
Throwing       | 3 4 |  4.2
Invocations    | |  0.2
Evocations     | |  0.2

Action                   |  1- 3 |  4- 6 |  7- 9 | 10-12 || total
-------------------------+-------+-------+-------+-------++-------
Melee: Dagger            |   190 |   208 |   755 |   562 ||  1715
       Bite              |    14 |    16 |    96 |    62 ||   188
Throw: Dart              |       |       |     2 |    44 ||    46
Invok: Bend Space        |       |       |     1 |       ||     1
Evoke: Wand              |       |       |     2 |     2 ||     4
  Use: Scroll            |     2 |     2 |     5 |     3 ||    12
       Potion            |       |       |       |     1 ||     1
 Stab: Sleeping          |     3 |    15 |    21 |    12 ||    51
       Distracted        |     1 |       |     2 |     3 ||     6
       Petrifying        |       |       |       |     2 ||     2
       Paralysed         |       |       |       |     1 ||     1
Armor: Robe              |    32 |    30 |    97 |    44 ||   203
Dodge: Dodged            |   114 |   121 |   378 |   311 ||   924
